 Dungeon Crawl Stone Soup version 0.19-b1-4-gd8a0a2a (webtiles) character file.

199 Gorglomux the Conjurer (level 5, -6/28 HPs)
             Began as a Deep Elf Conjurer on Oct 31, 2016.
             Killed from afar by Gorglomux's ghost (10 damage)
             ... with a rocky blast
             ... on level 3 of the Dungeon.
             The game lasted 00:10:14 (2544 turns).

Gorglomux the Conjurer (Deep Elf Conjurer)          Turns: 2544, Time: 00:10:14

Health: -6/28      AC:  2    Str:  5    XL:     5   Next: 48%
Magic:  2/13       EV: 13    Int: 21    God:
Gold:   155        SH:  0    Dex: 15    Spells: 4 memorised, 2 levels left

rFire  . . .     SeeInvis .     g - +1 dagger (venom)
rCold  . . .     Gourm    .     a - +0 robe
rNeg   . . .     Faith    .     (no shield)
rPois  .         Spirit   .     (no helmet)
rElec  .         Reflect  .     (no cloak)
rCorr  .         Harm     .     (no gloves)
MR     .....                    (no boots)
Stlth  ++........               (no amulet)
                                (no ring)
                                (no ring)

@: no status effects
A: no striking features
a: no special abilities


You were on level 3 of the Dungeon.
You were hungry.

You visited 1 branch of the dungeon, and saw 3 of its levels.

You collected 155 gold pieces.

Inventory:

Hand Weapons
 g - a +1 dagger of venom (weapon)
 t - a +0 dagger of venom
Armour
 a - a +0 robe (worn)
Scrolls
 i - 2 scrolls of immolation {unknown}
 k - 2 scrolls of remove curse {unknown}
 m - 4 scrolls of identify {unknown}
 p - a scroll of enchant weapon {unknown}
 q - 3 scrolls of teleportation {unknown}
 r - a scroll of magic mapping {unknown}
Potions
 d - 2 potions of mutation {unknown}
 e - a potion of degeneration {unknown}
 h - a potion of lignification {unknown}
 j - a potion of cure mutation {unknown}
 n - 4 potions of might {unknown}
 o - a potion of curing {unknown}
Books
 b - a book of Conjurations

   Spells                             Type                      Level
   a - Magic Dart                     Conjuration                  1
   b - Searing Ray                    Conjuration                  2
   c - Dazzling Spray                 Conjuration/Hexes            3
   d - Fulminant Prism                Conjuration/Hexes            4
   e - Iskenderun's Mystic Blast      Conjuration                  4
   f - Iskenderun's Battlesphere      Conjuration/Charms           5
Comestibles
 c - 3 bread rations
 f - 3 meat rations
 l - 5 fruits


   Skills:
 - Level 2.4 Dodging
 - Level 2.4 Stealth
 - Level 4.0 Spellcasting
 + Level 6.3 Conjurations
 + Level 3.6 Hexes


You had 2 spell levels left.
You knew the following spells:

 Your Spells              Type           Power        Failure   Level  Hunger
a - Magic Dart            Conj           ####         1%          1    None
b - Searing Ray           Conj           ####..       1%          2    #......
c - Dazzling Spray        Conj/Hex       ####..       6%          3    ###....
d - Iskenderun's Mystic   Conj           ####....     12%         4    ####...


Dungeon Overview and Level Annotations

Branches:
Dungeon (3/15)

Altars:
Cheibriados
Hepliaklqana
The Shining One

Annotations:
D:3 Gorglomux's ghost, amateur GrEE


Message History

Aim: Gorglomux's ghost (moderately damaged)
The orb of energy hits Gorglomux's ghost.
Gorglomux's ghost is severely damaged.
The orb of energy explodes!
You are feeling hungry.
Gorglomux's ghost casts a spell at you. The rocky blast hits you!
Gorglomux's ghost points at you and mumbles some strange words.
The rocky blast hits you!
* * * LOW HITPOINT WARNING * * *
Casting: Iskenderun's Mystic Blast
Confirm with . or Enter, or press ? or * to list all spells.
Aiming: Iskenderun's Mystic Blast
Press: ? - help, Shift-Dir - straight line, f/p - Gorglomux's ghost
Aim: Gorglomux's ghost (severely damaged)
The orb of energy misses Gorglomux's ghost.
There is a stone staircase leading down here.
Gorglomux's ghost points at you and mumbles some strange words.
The rocky blast hits you!
You die...

...##.................#
......######..........# ..
........# ##..........# ...
...w....# #...........# ....
........###..........# ##....
.......###...#.......##.....
...>#........#####W......#
...###..#..>###........### ...#
#......#...@...#..# ..##
##.........######.# ..#
##.....##.# #.# ..# #.........#
#.# #.# #...........# #>### #..
#.# #............## #...###....
#.####..............####.......#
#...##.........#.....##.....#...
###..#..........................


You could see Gorglomux's ghost.

Vanquished Creatures
  Terence (D:2)
  Natasha (thrice) (D:2)
  4 adders
  An adder skeleton (D:2)
  An adder zombie (D:2)
  A dart slug (D:1)
  5 giant cockroaches
  6 hobgoblins
  10 bats
  5 frilled lizards
  11 goblins
  6 kobolds
  A quokka zombie (D:2)
  9 rats
  A plant (D:2)
65 creatures vanquished.

Vanquished Creatures (others)
  5 toadstools (D:1)
5 creatures vanquished.

Grand Total: 70 creatures vanquished

Notes
Turn   | Place    | Note
-------+----------+-------------------------------------------
     0 | D:1      | Gorglomux the Deep Elf Conjurer began the quest for the Orb.
     0 | D:1      | Reached XP level 1. HP: 10/10 MP: 6/6
   116 | D:1      | Reached XP level 2. HP: 15/15 MP: 4/8
   120 | D:1      | Learned a level 2 spell: Searing Ray
   384 | D:1      | Reached skill level 5 in Conjurations
   471 | D:1      | Reached XP level 3. HP: 19/19 MP: 7/10
   573 | D:1      | Learned a level 3 spell: Dazzling Spray
   894 | D:2      | Found a glowing golden altar of the Shining One.
   910 | D:2      | Found a snail-covered altar of Cheibriados.
  1154 | D:2      | Reached skill level 1 in Hexes
  1233 | D:2      | Noticed Natasha
  1240 | D:2      | Killed Natasha
  1240 | D:2      | Reached XP level 4. HP: 8/24 MP: 1/12
  1473 | D:2      | Learned a level 4 spell: Iskenderun's Mystic Blast
  1690 | D:2      | Noticed Natasha
  1693 | D:2      | Killed Natasha
  1910 | D:3      | Noticed Terence
  1992 | D:2      | Killed Terence
  1992 | D:2      | Reached skill level 6 in Conjurations
  1992 | D:2      | Reached XP level 5. HP: 21/28 MP: 1/13
  2006 | D:2      | Noticed Natasha
  2015 | D:2      | Killed Natasha
  2245 | D:3      | Noticed Gorglomux's ghost (amateur GrEE)
  2477 | D:3      | Found a hazy altar of Hepliaklqana.
  2544 | D:3      | Killed from afar by Gorglomux's ghost

Skill      XL: |  1  2  3  4 |
---------------+-------------+-----
Conjurations   | 5 6 |  6.3
Spellcasting   | 4 |  4.0
Hexes          | 1 3 |  3.6
Dodging        | |  2.4
Stealth        | |  2.4

Action                   |  1- 3 |  4- 6 || total
-------------------------+-------+-------++-------
Melee: Dagger            |       |    22 ||    22
 Cast: Magic Dart        |    78 |    43 ||   121
       Searing Ray       |     1 |       ||     1
       Dazzling Spray    |       |     4 ||     4
       Iskenderun's Myst |       |     9 ||     9
  Eat: Chunk             |       |     6 ||     6
Armor: Robe              |     1 |     2 ||     3
Dodge: Dodged            |     5 |    14 ||    19
